cohdb
Replays
Latest Replays
All Replays
Popular Replays
Top Player Replays
Match Explorer
How It Works
Community
CoH3 Stats
Reddit
Sign in to upload your games and track your stats! →
Sign in with Steam
Match 40276179
Unlisted
Match 40276179
Overview
Messages
Build Orders
End
Kradschützen Motorcycle Team
Kradschützen Motorcycle Team
Panzergrenadier Squad
Panzergrenadier Squad
Construct Light Support Kompanie
MG34 Team
Construct Mechanized Kompanie
Assault Mechanized Group
Support Armor Elements
MG34 Team
StuG III D Assault Gun
StuG III D Assault Gun
Selects Armored Support Battlegroup
Selects Salvage Kits
Selects Panzer Storm
Pak 38 Mechanized Group
Selects Stuka Anti-tank Loiter
Assault Grenadier Squad
2.5-tonne Medical Truck
Selects Superior Fire Drills
le.IG 18 Mechanized Group
Construct Panzerarmee Kommand
『BlackBear』
Shinshigumi
0
0
Comments
sign in to comment!
No comments posted yet!